[Event "Czech open A"]
[Site "?"]
[Date "2013.07.21"]
[Round "3.91"]
[White "Nasshan, Dennis"]
[Black "Dauletova, Gulmira"]
[Result "0-1"]
[ECO "B24"]
[WhiteElo "2155"]
[BlackElo "2276"]
[PlyCount "116"]
[EventDate "2013.??.??"]
[TimeControl "6000+955"]
[WhiteClock "0:04:06"]
[BlackClock "0:03:02"]

1. e4 c5 2. Nc3 Nc6 3. Bb5 d6 4. d4 cxd4 5. Qxd4 Bd7 6. Bxc6 bxc6 7. Nf3 e5 8.
Qd3 h6 9. O-O Nf6 10. b3 Qc7 11. Bb2 Be7 12. Ne2 Be6 13. Ng3 O-O 14. c4 Nd7 15.
Qc2 Rfe8 16. Rfd1 Bf8 17. Rd2 a5 18. Rad1 a4 19. Nf5 Bxf5 20. exf5 axb3 21.
axb3 Qb6 22. Bc3 Ra3 23. Rb1 Rb8 24. b4 Qa6 25. Rb3 Nb6 26. b5 cxb5 27. cxb5
Qa4 28. Rxa3 Qxa3 29. Qb2 Nc4 30. Qxa3 Nxa3 31. Rb2 Rxb5 32. Rxb5 Nxb5 33. Bb2
f6 34. Kf1 d5 35. Ke2 Kf7 36. Nd2 Bb4 37. g4 Ke7 38. f3 Kd6 39. Kd3 Bxd2 40.
Kxd2 Kc5 41. Kd3 Kb4 42. h4 Kb3 43. Bc1 h5 44. Bd2 Nd6 45. Ke2 Kc4 46. Ba5 e4
47. Bd2 exf3+ 48. Kxf3 hxg4+ 49. Kxg4 d4 50. Be1 Kd3 51. Bb4 Nf7 52. Kh5 Kc4
53. Bd2 Ne5 54. Bf4 d3 55. Bd2 Kd5 56. Bc1 Ke4 57. Bd2 Kxf5 58. Ba5 Ng4 0-1

[Event "Czech open A"]
[Site "?"]
[Date "2013.07.21"]
[Round "3.92"]
[White "Semenova, Elena"]
[Black "Kelkar, Abhishek"]
[Result "1-0"]
[ECO "B42"]
[WhiteElo "2152"]
[BlackElo "2274"]
[PlyCount "57"]
[EventDate "2013.??.??"]
[TimeControl "6000+1240"]
[WhiteClock "0:08:57"]
[BlackClock "0:24:52"]

1. e4 c5 2. Nf3 e6 3. d4 cxd4 4. Nxd4 a6 5. Bd3 Bc5 6. Nb3 Ba7 7. O-O Ne7 8.
Qe2 Nbc6 9. Be3 O-O 10. c4 d6 11. Nc3 Ng6 12. Rad1 Qc7 13. Bxa7 Rxa7 14. Qe3
Qb8 15. f4 Re8 16. Qg3 Kh8 17. h4 e5 18. f5 Nf4 19. Nd5 Nxd5 20. exd5 Nb4 21.
Bb1 b5 22. c5 dxc5 23. f6 gxf6 24. Qf2 Rg8 25. Qxf6+ Rg7 26. h5 h6 27. Qxh6+
Kg8 28. Qf6 e4 29. Qd8+ 1-0

[Event "Czech open A"]
[Site "?"]
[Date "2013.07.22"]
[Round "4.45"]
[White "Stocek, Jiri"]
[Black "Shemeakin, Alexander"]
[Result "1/2-1/2"]
[ECO "A06"]
[WhiteElo "2576"]
[BlackElo "2299"]
[PlyCount "130"]
[EventDate "2013.??.??"]
[TimeControl "6000+1285"]
[WhiteClock "0:04:07"]
[BlackClock "0:09:53"]

1. Nf3 d5 2. c4 c6 3. g3 Nf6 4. Bg2 g6 5. b3 Bg7 6. Bb2 O-O 7. O-O Re8 8. Qc2
Na6 9. d3 Bg4 10. Nbd2 Qb6 11. Rac1 Nd7 12. Bxg7 Kxg7 13. a3 Kg8 14. b4 e5 15.
e3 Qd8 16. Nb3 Rc8 17. Nfd2 dxc4 18. Nxc4 Nb6 19. Nca5 Re7 20. h3 Bf5 21. Rfd1
Rd7 22. Bf1 Qe7 23. e4 Be6 24. d4 Bxb3 25. Nxb3 exd4 26. Rxd4 Rxd4 27. Nxd4 Nc7
28. h4 Rd8 29. Nb3 Ne6 30. Qb2 Qc7 31. Bh3 Nd7 32. Bxe6 fxe6 33. Rd1 Nf8 34.
Re1 e5 35. Na5 Ne6 36. Qa2 Kf7 37. Nb3 Kg7 38. Qb2 Nd4 39. Nxd4 Rxd4 40. Qe2
Qd7 41. Qe3 a6 42. h5 Qd6 43. Kg2 Rd3 44. Qb6 Qe7 45. hxg6 hxg6 46. Re3 Rd4 47.
Qc5 Qd6 48. Rb3 Rd2 49. a4 Rd4 50. a5 Rd2 51. Qxd6 Rxd6 52. Kf3 Rd4 53. Ke3 Kf6
54. f4 g5 55. Kf3 gxf4 56. gxf4 Rd1 57. Ke2 Rd4 58. Ke3 Rd1 59. f5 Rd4 60. Rb1
Rc4 61. Kd3 Rd4+ 62. Ke3 Rc4 63. Kd3 Rd4+ 64. Ke3 Rc4 65. Kd3 Rd4+ 1/2-1/2

[Event "Czech open A"]
[Site "?"]
[Date "2013.07.22"]
[Round "4.46"]
[White "Oleksienko, Mikhailo"]
[Black "Jasny, Stanislav"]
[Result "1-0"]
[ECO "D37"]
[WhiteElo "2568"]
[BlackElo "2290"]
[PlyCount "117"]
[EventDate "2013.??.??"]
[TimeControl "6000+1165"]
[WhiteClock "0:18:07"]
[BlackClock "0:11:37"]

1. d4 d5 2. c4 e6 3. Nc3 Nf6 4. Nf3 Be7 5. Bf4 O-O 6. e3 Nbd7 7. c5 c6 8. h3 b6
9. b4 a5 10. a3 Bb7 11. Bd3 Qc8 12. O-O Ba6 13. Re1 Bxd3 14. Qxd3 axb4 15. axb4
Qb7 16. Qc2 Rfc8 17. Rec1 h6 18. Na4 b5 19. Nc3 Bd8 20. Rxa8 Rxa8 21. Bd6 Ne8
22. Bg3 Nef6 23. Nd2 Ra6 24. Nb3 Qa8 25. f3 Ne8 26. e4 Nef6 27. Bd6 Ra3 28. Qb2
Ra7 29. Qe2 Ra3 30. Rb1 Nf8 31. e5 Nh5 32. Qb2 Nf4 33. Rd1 Ra6 34. Kh2 h5 35.
g3 N4g6 36. Ra1 h4 37. g4 Nf4 38. Rxa6 Qxa6 39. Qa2 Qb7 40. Na5 Qc8 41. Bxf8
Kxf8 42. Qd2 Bg5 43. Ne2 Nxe2 44. Qxg5 Nxd4 45. Qe3 Nxf3+ 46. Qxf3 Qc7 47. Qf4
f6 48. g5 f5 49. g6 Ke8 50. Kg2 Kd7 51. Kf2 Qd8 52. Ke3 Kc7 53. Kd3 Qe7 54. Nb3
Kd7 55. Qc1 Qe8 56. Qg5 Qh8 57. Na5 Qb8 58. Qxh4 Qxe5 59. Qd8+ 1-0

[Event "Czech open A"]
[Site "?"]
[Date "2013.07.22"]
[Round "4.47"]
[White "Rjabzev, Konstantin"]
[Black "Piorun, Kacper"]
[Result "0-1"]
[ECO "B48"]
[WhiteElo "2290"]
[BlackElo "2566"]
[PlyCount "62"]
[EventDate "2013.??.??"]
[TimeControl "6000+1115"]
[WhiteClock "0:23:13"]
[BlackClock "0:35:45"]

1. e4 c5 2. Nf3 e6 3. d4 cxd4 4. Nxd4 Nc6 5. Nc3 Qc7 6. Be3 a6 7. Qd2 Nf6 8. f3
Be7 9. O-O-O O-O 10. g4 b5 11. Nxc6 dxc6 12. g5 Ne8 13. f4 Nd6 14. Bd3 Qa5 15.
Kb1 b4 16. Ne2 c5 17. e5 Nb5 18. Bxb5 axb5 19. Nc1 Bb7 20. Qd7 Bxh1 21. Qxe7
Bf3 22. Rd3 c4 23. Rd4 Rfe8 24. Qd6 Red8 25. Qc5 Rxd4 26. Bxd4 Be4 27. b3 c3
28. a4 bxa4 29. Qxa5 Rxa5 30. bxa4 Rxa4 31. Nb3 Bd5 0-1

[Event "Czech open A"]
[Site "?"]
[Date "2013.07.22"]
[Round "4.48"]
[White "Jaracz, Pawel"]
[Black "Feldtmann, Thomas"]
[Result "1-0"]
[ECO "A61"]
[WhiteElo "2531"]
[BlackElo "2280"]
[PlyCount "65"]
[EventDate "2013.??.??"]
[TimeControl "6000+710"]
[WhiteClock "0:28:01"]
[BlackClock "0:13:06"]

1. d4 Nf6 2. Nf3 e6 3. c4 c5 4. d5 d6 5. Nc3 exd5 6. cxd5 g6 7. Bf4 a6 8. a4
Bg7 9. e3 O-O 10. h3 Re8 11. Nd2 Nbd7 12. Be2 Ne5 13. O-O Nfd7 14. Qc2 f5 15.
Bh2 Qe7 16. Rae1 Nf6 17. f4 Nf7 18. Bd3 Bd7 19. a5 Qd8 20. Nc4 b5 21. axb6 Bb5
22. b3 Nd7 23. b7 Rb8 24. e4 fxe4 25. Nxe4 Nb6 26. f5 Bxc4 27. bxc4 gxf5 28.
Rxf5 Rxb7 29. Ref1 Ne5 30. Ng5 Nxd3 31. Qxd3 Re3 32. Qxe3 Bd4 33. Qxd4 1-0

[Event "Czech open A"]
[Site "?"]
[Date "2013.07.22"]
[Round "4.49"]
[White "Villegas, Pierre"]
[Black "Rozum, Ivan"]
[Result "0-1"]
[ECO "E38"]
[WhiteElo "2288"]
[BlackElo "2527"]
[PlyCount "84"]
[EventDate "2013.??.??"]
[TimeControl "6000+900"]
[WhiteClock "0:24:56"]
[BlackClock "0:33:54"]

1. d4 Nf6 2. c4 e6 3. Nc3 Bb4 4. Qc2 c5 5. dxc5 Bxc5 6. Nf3 Qb6 7. e3 Qc7 8. b3
a6 9. Bb2 Be7 10. Bd3 d6 11. O-O Nbd7 12. Ne4 h6 13. Nxf6+ Bxf6 14. Rac1 b6 15.
Nd2 Bb7 16. Rfd1 Bxb2 17. Qxb2 Nf6 18. b4 O-O 19. Nb3 Rfd8 20. Bf1 Bc6 21. Qa3
a5 22. bxa5 bxa5 23. Nd4 Ne4 24. Nb5 Qe7 25. f3 Nc5 26. Nxd6 Rxd6 27. Qxc5 Rxd1
28. Qxe7 Rxc1 29. Qc5 Be8 30. Qa3 Rb1 31. Kf2 Rb4 32. h4 Rab8 33. Qxa5 Ra4 34.
Qc7 Rxa2+ 35. Kg3 Raa8 36. Bd3 Rd8 37. Qb7 Rac8 38. Qe4 Kf8 39. Qh7 f5 40. Bf1
Bh5 41. Bd3 Bf7 42. Bb1 Ke7 0-1

[Event "Czech open A"]
[Site "?"]
[Date "2013.07.22"]
[Round "4.50"]
[White "Ageichenko, Gennady"]
[Black "Haba, Petr"]
[Result "0-1"]
[ECO "D45"]
[WhiteElo "2298"]
[BlackElo "2522"]
[PlyCount "140"]
[EventDate "2013.??.??"]
[TimeControl "6000+1140"]
[WhiteClock "0:01:10"]
[BlackClock "0:08:03"]

1. Nf3 d5 2. d4 Nf6 3. c4 e6 4. Nc3 c6 5. e3 Nbd7 6. Qc2 Bd6 7. Be2 O-O 8. O-O
dxc4 9. Bxc4 Qe7 10. a3 e5 11. h3 a5 12. Bd2 Bb8 13. Bd3 Re8 14. Ne4 exd4 15.
Nxf6+ Nxf6 16. exd4 h6 17. Rfe1 Be6 18. Bc4 Qd7 19. Bxe6 Rxe6 20. Rxe6 Qxe6 21.
Re1 Qc8 22. Qc1 Bd6 23. Bf4 Bf8 24. Qc2 Nd5 25. Bg3 Qd8 26. Qb3 Qb6 27. Qc2 Qd8
28. Qb3 Qb6 29. Qc2 a4 30. Re2 Qb5 31. Re1 Nb6 32. Re2 Qc4 33. Qxc4 Nxc4 34.
Rc2 Nb6 35. Bf4 f6 36. Kf1 Kf7 37. Ke2 Ke6 38. Kd3 Nd5 39. Bc1 Kd7 40. Ng1 Bd6
41. Ne2 Re8 42. Bd2 b5 43. Nc3 Nb6 44. Nd1 f5 45. Ne3 f4 46. Nf5 Nd5 47. Nxg7
Rg8 48. Nf5 Rxg2 49. Nxd6 Kxd6 50. Ke4 Rh2 51. Bxf4+ Nxf4 52. Kxf4 Rxh3 53. f3
h5 54. Ke4 h4 55. f4 Rg3 56. Rc5 Rg2 57. Rh5 Re2+ 58. Kd3 Rxb2 59. Rxh4 Ra2 60.
Ke4 Rxa3 61. Rh6+ Kc7 62. Rh7+ Kb6 63. Rh1 Ra2 64. Rf1 Kc7 65. f5 Kd7 66. f6
Ke8 67. f7+ Kf8 68. Rf6 Rc2 69. Kd3 Rc4 70. Rf2 a3 0-1

[Event "Czech open A"]
[Site "?"]
[Date "2013.07.22"]
[Round "4.51"]
[White "Gretarsson, Hjoerrar Steinn"]
[Black "Cherepanov, Vladislav"]
[Result "1/2-1/2"]
[ECO "E16"]
[WhiteElo "2511"]
[BlackElo "2284"]
[PlyCount "114"]
[EventDate "2013.??.??"]
[TimeControl "6000+920"]
[WhiteClock "0:31:58"]
[BlackClock "0:10:51"]

1. d4 Nf6 2. c4 e6 3. Nf3 Bb4+ 4. Bd2 Qe7 5. g3 Nc6 6. Bg2 Bxd2+ 7. Nbxd2 a5 8.
O-O d6 9. e4 e5 10. d5 Nb8 11. Ne1 h5 12. Nd3 h4 13. f4 hxg3 14. hxg3 Ng4 15.
Qe2 b6 16. Bf3 Rh3 17. Bg2 Rxg3 18. Nf3 exf4 19. Nxf4 Ne5 20. Nd4 g6 21. Qf2
Rg4 22. Rad1 Qh4 23. Nb5 Qxf2+ 24. Rxf2 Na6 25. Nd3 Nxd3 26. Rxd3 Bd7 27. Rdf3
f5 28. exf5 gxf5 29. b3 O-O-O 30. Kf1 Nc5 31. Bh3 Ne4 32. Bxg4 fxg4 33. Rf8
Bxb5 34. Rxd8+ Kxd8 35. Rf4 Ng3+ 36. Kf2 Nh5 37. Rxg4 Be8 38. Ke3 Nf6 39. Rg3
Nd7 40. Kd4 Ne5 41. a3 Bh5 42. b4 axb4 43. axb4 Bf7 44. c5 Nd7 45. cxd6 cxd6
46. Ra3 Bh5 47. Ra8+ Ke7 48. Ra7 Be2 49. Rc7 b5 50. Ra7 Bc4 51. Rc7 Bf1 52. Ra7
Bh3 53. Rb7 Bf1 54. Ra7 Be2 55. Rc7 Bc4 56. Ra7 Kd8 57. Ra6 Ke7 1/2-1/2

[Event "Czech open A"]
[Site "?"]
[Date "2013.07.22"]
[Round "4.52"]
[White "Idani, Pouya"]
[Black "Tate, Alan"]
[Result "1-0"]
[ECO "A05"]
[WhiteElo "2476"]
[BlackElo "2277"]
[PlyCount "67"]
[EventDate "2013.??.??"]
[TimeControl "6000+665"]
[WhiteClock "0:35:32"]
[BlackClock "0:07:01"]

1. Nf3 Nf6 2. c4 g6 3. b3 Bg7 4. Bb2 O-O 5. e3 c5 6. Be2 b6 7. O-O Bb7 8. Nc3
d5 9. d4 cxd4 10. Nxd4 dxc4 11. Bxc4 Nbd7 12. b4 Rc8 13. Bb3 Ne5 14. Qe2 Qd6
15. Ncb5 Qb8 16. f4 Nc6 17. Nxc6 Bxc6 18. Be5 Qb7 19. Nd4 Be4 20. Qb2 Bh6 21.
Nf3 Nd5 22. Qd2 Nf6 23. Rad1 Bc6 24. Ba1 Bg7 25. Ne5 Be4 26. Qb2 Qa8 27. a3 Nd5
28. Bxd5 Bxd5 29. Rxd5 Qxd5 30. Nxg6 Bxb2 31. Nxe7+ Kg7 32. Bxb2+ f6 33. Nxd5
Rc2 34. Rf2 1-0

[Event "Czech open A"]
[Site "?"]
[Date "2013.07.22"]
[Round "4.53"]
[White "Dauletova, Gulmira"]
[Black "Sipos, Istvan"]
[Result "0-1"]
[ECO "C17"]
[WhiteElo "2276"]
[BlackElo "2471"]
[PlyCount "108"]
[EventDate "2013.??.??"]
[TimeControl "6000+1190"]
[WhiteClock "0:02:13"]
[BlackClock "0:12:19"]

1. e4 e6 2. d4 d5 3. Nc3 Bb4 4. e5 c5 5. Bd2 Ne7 6. Qg4 cxd4 7. Qxd4 Nbc6 8.
Bb5 O-O 9. Bxc6 Nxc6 10. Qf4 d4 11. Nce2 Bxd2+ 12. Qxd2 Nxe5 13. Qxd4 Qa5+ 14.
Qc3 Qxc3+ 15. Nxc3 b6 16. O-O-O Bb7 17. f3 Rfd8 18. Nh3 Kf8 19. Nf4 g5 20. Nh5
Rxd1+ 21. Rxd1 Nxf3 22. Rd7 Bc6 23. Rc7 Ne5 24. Nf6 Kg7 25. Nfe4 Kg6 26. g3 Rd8
27. Rxa7 f5 28. Nd2 h5 29. Ra6 f4 30. gxf4 gxf4 31. Nce4 Bxe4 32. Nxe4 Kf5 33.
Nd2 Rg8 34. Kd1 Rg1+ 35. Ke2 Rg2+ 36. Ke1 Rxh2 37. Ra8 Rh1+ 38. Ke2 Rh2+ 39.
Ke1 Ng6 40. a4 h4 41. Ra7 h3 42. Rf7+ Kg4 43. Ne4 Rxc2 44. Nf2+ Kg3 45. Ne4+
Kf3 46. Ng5+ Kg2 47. Nxh3 Kxh3 48. Rf6 Nh4 49. Kd1 Rxb2 50. Rxf4 e5 51. Re4 Nf3
52. Kc1 Rg2 53. Rb4 Rg4 54. Rxb6 Rxa4 0-1

[Event "Czech open A"]
[Site "?"]
[Date "2013.07.22"]
[Round "4.54"]
[White "Toth, Ervin"]
[Black "Stanetzek, Carsten"]
[Result "1-0"]
[ECO "A21"]
[WhiteElo "2471"]
[BlackElo "2274"]
[PlyCount "135"]
[EventDate "2013.??.??"]
[TimeControl "6000+1070"]
[WhiteClock "0:19:40"]
[BlackClock "0:13:41"]

1. d4 d5 2. c4 c6 3. Nc3 e5 4. cxd5 cxd5 5. Nf3 e4 6. Ne5 f6 7. Qa4+ Nd7 8.
Nxd7 Bxd7 9. Qb3 Bc6 10. g3 Qd7 11. Bg2 a5 12. a4 Bb4 13. O-O f5 14. f3 Nf6 15.
Bg5 Rf8 16. Bxf6 Rxf6 17. fxe4 fxe4 18. Bxe4 dxe4 19. Qg8+ Rf8 20. Rxf8+ Bxf8
21. d5 Bxd5 22. Nxd5 Qf7 23. Qxf7+ Kxf7 24. Rc1 Bd6 25. Rc4 Rd8 26. Nc3 e3 27.
Kg2 Bb4 28. Rc7+ Kg6 29. Rxb7 Rd2 30. Kf3 h5 31. h4 Rxb2 32. Nd5 Bc3 33. Nf4+
Kh6 34. Rxb2 Bxb2 35. Kxe3 g5 36. hxg5+ Kxg5 37. Kf3 Be5 38. Nh3+ Kf5 39. e4+
Kf6 40. Nf4 Kg5 41. Nd3 Bd4 42. Kg2 Kg4 43. Nf2+ Kg5 44. Kf3 Be5 45. Nh3+ Kf6
46. Kg2 Bb8 47. Kf3 Be5 48. g4 hxg4+ 49. Kxg4 Bb8 50. Kf3 Ke5 51. Ke3 Ba7+ 52.
Kd3 Bb6 53. Ng5 Bf2 54. Nf3+ Kd6 55. Kc4 Bb6 56. Nd2 Bc7 57. Nb1 Ke5 58. Nc3
Bb6 59. Nd5 Bd8 60. Kd3 Bh4 61. Ne3 Bd8 62. Nc4+ Ke6 63. Kd4 Bc7 64. Kc5 Bd8
65. Kc6 Bh4 66. Nxa5 Ke5 67. Nc4+ Kxe4 68. a5 1-0

[Event "Czech open A"]
[Site "?"]
[Date "2013.07.22"]
[Round "4.55"]
[White "Akesson, Ralf"]
[Black "Poloch, Petr"]
[Result "1-0"]
[ECO "E11"]
[WhiteElo "2469"]
[BlackElo "2272"]
[PlyCount "61"]
[EventDate "2013.??.??"]
[TimeControl "6000+1200"]
[WhiteClock "0:05:54"]
[BlackClock "0:01:02"]

1. d4 Nf6 2. c4 e6 3. Nf3 Bb4+ 4. Nbd2 d5 5. Qa4+ Nc6 6. a3 Be7 7. e3 O-O 8.
Bd3 Bd7 9. Qc2 a5 10. b3 Be8 11. Bb2 g6 12. O-O Nd7 13. e4 dxe4 14. Nxe4 f5 15.
Nc3 Bf6 16. Rad1 Bf7 17. Rfe1 Re8 18. Nb5 Na7 19. Nxa7 Rxa7 20. c5 Bg7 21. c6
bxc6 22. Qxc6 Nb6 23. Ne5 Qd6 24. Bb5 Rc8 25. Rc1 Bxe5 26. Rxe5 Be8 27. Qc5
Bxb5 28. Qxb5 a4 29. Rc6 Qd7 30. Rexe6 Re8 31. Qe5 1-0

[Event "Czech open A"]
[Site "?"]
[Date "2013.07.22"]
[Round "4.56"]
[White "Zorko, Jure"]
[Black "Jaracz, Barbara"]
[Result "1/2-1/2"]
[ECO "A48"]
[WhiteElo "2459"]
[BlackElo "2270"]
[PlyCount "73"]
[EventDate "2013.??.??"]
[TimeControl "6000+1175"]
[WhiteClock "0:00:52"]
[BlackClock "0:01:49"]

1. d4 Nf6 2. Nf3 g6 3. Bg5 Bg7 4. Nbd2 d6 5. e4 O-O 6. c3 c5 7. dxc5 dxc5 8.
Be2 Nc6 9. O-O Be6 10. Bf4 h6 11. Qc2 g5 12. Bg3 Nh5 13. Nc4 Nxg3 14. hxg3 Bxc4
15. Bxc4 e6 16. Qe2 Qc7 17. Nh2 Ne5 18. f4 Nxc4 19. Qxc4 Rad8 20. Rf2 Qc6 21.
e5 Qd5 22. Qe2 Qd3 23. Nf3 g4 24. Nd2 Qxg3 25. Ne4 Qd3 26. Qxd3 Rxd3 27. Nxc5
Re3 28. Rd2 g3 29. Kf1 b6 30. Rd3 Rxd3 31. Nxd3 f6 32. exf6 Bxf6 33. Ke2 h5 34.
Ke3 h4 35. Ne1 Kf7 36. Nf3 Kg6 37. Rd1 1/2-1/2

[Event "Czech open A"]
[Site "?"]
[Date "2013.07.22"]
[Round "4.57"]
[White "Bystrov, Sergej M"]
[Black "Mammadov, Zaur"]
[Result "1-0"]
[ECO "B13"]
[WhiteElo "2273"]
[BlackElo "2437"]
[PlyCount "173"]
[EventDate "2013.??.??"]
[TimeControl "6000+1000"]
[WhiteClock "0:08:22"]
[BlackClock "0:44:58"]

1. e4 c6 2. d4 d5 3. exd5 cxd5 4. Bd3 Nc6 5. c3 Nf6 6. Bf4 g6 7. Nf3 Bg7 8.
Nbd2 Nh5 9. Be3 O-O 10. O-O Qc7 11. Re1 a6 12. Nb3 f6 13. Bf1 Nd8 14. Qc1 Nf7
15. c4 dxc4 16. Qxc4 Qd6 17. d5 b6 18. Qc6 Rb8 19. Qxd6 Nxd6 20. Nfd4 b5 21.
Nc6 Rb7 22. Nba5 Rc7 23. Bb6 Rd7 24. Nb8 Kf7 25. Nxd7 Bxd7 26. Nc6 Nc8 27. Bc5
Re8 28. Nb8 Rd8 29. Nxa6 f5 30. Nc7 Nf4 31. g3 Nh5 32. Nxb5 Bxb2 33. Rab1 Bh8
34. Bc4 Kf8 35. a4 Nf6 36. f3 Ne8 37. Red1 Bxb5 38. Bxb5 Nc7 39. a5 Nd6 40. Bb6
Ndxb5 41. Rxb5 Rb8 42. Rc5 Na6 43. Rc4 Be5 44. Rdc1 Kf7 45. Rc8 Rb7 46. R1c4
Bd6 47. Rd8 g5 48. f4 gxf4 49. gxf4 Kg6 50. Kg2 Nb8 51. Rc6 Kh5 52. Rdxd6 exd6
53. Rc7 Rxc7 54. Bxc7 Nd7 55. Bxd6 Nf6 56. a6 Nxd5 57. a7 Nb6 58. Kg3 Kg6 59.
Bc7 Na8 60. Bd8 Kf7 61. Kf3 Ke6 62. Kg3 Kf7 63. Ba5 Kf6 64. Bc3+ Kf7 65. h3 Nb6
66. Kf3 Ke6 67. Ba5 Na8 68. Ke3 Kd5 69. Kd3 Kc5 70. Kc3 h6 71. h4 h5 72. Bd8
Kd5 73. Kb4 Kc6 74. Kc4 Kd7 75. Ba5 Kc6 76. Kb4 Kd5 77. Kb5 Kd6 78. Bb4+ Kd7
79. Ba5 Kd6 80. Bb4+ Kd7 81. Kc5 Kc7 82. Ba5+ Kb7 83. Kd5 Ka6 84. Bd8 Kxa7 85.
Ke5 Kb7 86. Kxf5 Kc8 87. Ba5 1-0

[Event "Czech open A"]
[Site "?"]
[Date "2013.07.22"]
[Round "4.58"]
[White "Vassallo Barroche, Mauricio"]
[Black "Gruenter, Martin"]
[Result "1-0"]
[ECO "A30"]
[WhiteElo "2434"]
[BlackElo "2248"]
[PlyCount "147"]
[EventDate "2013.??.??"]
[TimeControl "6000+905"]
[WhiteClock "1:00:43"]
[BlackClock "0:01:08"]

1. Nf3 Nf6 2. c4 c5 3. Nc3 e6 4. g3 b6 5. Bg2 Bb7 6. O-O Be7 7. b3 O-O 8. Bb2
a6 9. e3 d6 10. d4 Ne4 11. Qc2 Nxc3 12. Bxc3 Nd7 13. Ng5 Bxg5 14. Bxb7 Ra7 15.
Be4 g6 16. Rfd1 Bf6 17. Rac1 Qe7 18. Qd2 Rd8 19. Bg2 Rc7 20. h4 h5 21. Rc2 Rdc8
22. Qe2 cxd4 23. Bxd4 d5 24. Rdc1 dxc4 25. Rxc4 Rxc4 26. Rxc4 Rxc4 27. Qxc4
Bxd4 28. exd4 Qd6 29. Qxa6 Qxd4 30. Qc8+ Kg7 31. Qd8 e5 32. Bc6 Qa1+ 33. Kg2
Nf6 34. Qxb6 Qxa2 35. b4 Qe2 36. Qc5 e4 37. Qc3 e3 38. Qxe3 Qxe3 39. fxe3 Ng4
40. e4 Ne5 41. Bd5 Kf8 42. Kf1 Ke7 43. Ke2 f6 44. Ke3 Kd6 45. Bb3 Kc6 46. Ba4+
Kd6 47. Bb5 Kc7 48. Bf1 Kd6 49. Be2 Nd7 50. Kd4 Ne5 51. b5 Nd7 52. Bc4 Ne5 53.
Bd5 Nd7 54. Kc4 Ne5+ 55. Kb4 g5 56. b6 gxh4 57. gxh4 f5 58. b7 Nd7 59. Kc4 fxe4
60. Bxe4 Kc7 61. Kd4 Kd6 62. Bf3 Nb8 63. Ke3 Ke5 64. Bxh5 Kf5 65. Bf3 Ke5 66.
Kd3 Na6 67. Kc4 Kd6 68. h5 Ke6 69. Kb5 Nb8 70. Bg4+ Ke7 71. Kb6 Kf6 72. Kc7
Na6+ 73. Kc8 Kg5 74. Be2 1-0

[Event "Czech open A"]
[Site "?"]
[Date "2013.07.22"]
[Round "4.59"]
[White "Jacko-Jun., Vladimir"]
[Black "Kupers, Stefan"]
[Result "0-1"]
[ECO "C18"]
[WhiteElo "2271"]
[BlackElo "2432"]
[PlyCount "54"]
[EventDate "2013.??.??"]
[TimeControl "6000+1890"]
[WhiteClock "0:07:09"]
[BlackClock "0:14:39"]

1. e4 e6 2. d4 d5 3. Nc3 Bb4 4. e5 c5 5. a3 Bxc3+ 6. bxc3 Ne7 7. Qg4 cxd4 8.
Qxg7 Rg8 9. Qxh7 Qc7 10. Ne2 dxc3 11. f4 Nbc6 12. Qd3 d4 13. Ng3 Bd7 14. Be2
O-O-O 15. O-O Kb8 16. Rb1 Na5 17. a4 Bc6 18. Rf2 Bd5 19. Ba3 Nc8 20. Bb4 Nc6
21. Ne4 Bxe4 22. Qxe4 d3 23. Bxd3 Rd4 24. Qh7 Rxb4 25. Rxb4 Nxb4 26. Qxg8 Nxd3
27. Rf3 Qb6+ 0-1

[Event "Czech open A"]
[Site "?"]
[Date "2013.07.22"]
[Round "4.60"]
[White "Vetoshko, Volodymyr"]
[Black "Rzayev, Bahruz"]
[Result "1/2-1/2"]
[ECO "C32"]
[WhiteElo "2268"]
[BlackElo "2429"]
[PlyCount "120"]
[EventDate "2013.??.??"]
[TimeControl "6000+1090"]
[WhiteClock "0:01:52"]
[BlackClock "0:58:48"]

1. e4 e5 2. f4 d5 3. exd5 e4 4. d3 Nf6 5. dxe4 Nxe4 6. Nf3 Bc5 7. Qe2 Qe7 8.
Be3 Bd6 9. Nbd2 O-O 10. O-O-O Re8 11. Re1 Nf6 12. Bd4 Qxe2 13. Bxe2 Nxd5 14.
Bc4 Ne7 15. Ng5 Rf8 16. Rhf1 Nbc6 17. Bc3 Rb8 18. Nde4 h6 19. Nxd6 cxd6 20. Nf3
d5 21. Bb3 Bf5 22. Rd1 Rfd8 23. Ne5 Be4 24. g4 Rbc8 25. f5 Nxe5 26. Bxe5 Nc6
27. Bc3 d4 28. Bd2 Ne5 29. Kb1 Nxg4 30. Rde1 Re8 31. Rg1 Ne3 32. Bxe3 dxe3 33.
f6 g6 34. Rg3 e2 35. Kc1 Bf5 36. Rg2 Kf8 37. Rgxe2 Rxe2 38. Rxe2 Re8 39. Kd2
Be6 40. c4 b5 41. Kc3 Rc8 42. Re4 Rc6 43. a4 bxc4 44. Bxc4 g5 45. b4 Bxc4 46.
Rxc4 Rxf6 47. Rc7 a6 48. b5 axb5 49. axb5 Rf1 50. Kb4 Rb1+ 51. Kc5 g4 52. b6 h5
53. b7 Kg7 54. Kc6 h4 55. Rc8 Kf6 56. b8=Q Rxb8 57. Rxb8 Ke5 58. Re8+ Kf4 59.
Kd5 Kf3 60. Ke5 g3 1/2-1/2

[Event "Czech open A"]
[Site "?"]
[Date "2013.07.22"]
[Round "4.61"]
[White "Mukashev, Assan"]
[Black "Jorczik, Julian Marcel"]
[Result "1/2-1/2"]
[ECO "E15"]
[WhiteElo "2247"]
[BlackElo "2422"]
[PlyCount "34"]
[EventDate "2013.??.??"]
[TimeControl "6000+1715"]
[WhiteClock "1:12:29"]
[BlackClock "0:25:03"]

1. d4 Nf6 2. Nf3 c5 3. g3 e6 4. Bg2 b6 5. c4 Bb7 6. d5 exd5 7. Nh4 Be7 8. cxd5
d6 9. Nf5 O-O 10. Nc3 a6 11. a4 Re8 12. Nxe7+ Qxe7 13. O-O Nbd7 14. Rb1 Rac8
15. Re1 c4 16. b4 cxb3 17. Rxb3 Ng4 1/2-1/2

[Event "Czech open A"]
[Site "?"]
[Date "2013.07.22"]
[Round "4.62"]
[White "Plischki, Sebastian"]
[Black "Wagener, Claude"]
[Result "1-0"]
[ECO "D97"]
[WhiteElo "2413"]
[BlackElo "2240"]
[PlyCount "85"]
[EventDate "2013.??.??"]
[TimeControl "6000+970"]
[WhiteClock "0:44:54"]
[BlackClock "0:42:00"]

1. d4 Nf6 2. c4 g6 3. Nc3 d5 4. Nf3 Bg7 5. Qb3 dxc4 6. Qxc4 O-O 7. e4 Nfd7 8.
Be3 Nb6 9. Qc5 f5 10. e5 c6 11. Rd1 N8d7 12. Qa5 Nd5 13. Qxd8 Rxd8 14. Nxd5
cxd5 15. Bd3 Nb6 16. b3 Bd7 17. h4 h6 18. Ng1 Rac8 19. Ne2 e6 20. Nf4 Kf7 21.
g4 Rg8 22. gxf5 gxf5 23. Rg1 Bf8 24. Rxg8 Bb4+ 25. Bd2 Bxd2+ 26. Kxd2 Rxg8 27.
Rc1 Rc8 28. Rg1 Rg8 29. Rg3 Nc8 30. Be2 Rxg3 31. fxg3 Ne7 32. Kc3 b6 33. b4 Kf8
34. a3 Kf7 35. g4 Ng6 36. Nxg6 Kxg6 37. Bd3 Kf7 38. gxf5 exf5 39. Kd2 Kg6 40.
Ke3 h5 41. Kf4 Be6 42. Bb5 Bc8 43. Be8+ 1-0

[Event "Czech open A"]
[Site "?"]
[Date "2013.07.22"]
[Round "4.63"]
[White "Westerberg, Jonathan"]
[Black "Bartos, Jan"]
[Result "1-0"]
[ECO "B01"]
[WhiteElo "2410"]
[BlackElo "2209"]
[PlyCount "73"]
[EventDate "2013.??.??"]
[TimeControl "6000+1370"]
[WhiteClock "0:05:34"]
[BlackClock "0:10:21"]

1. e4 d5 2. exd5 Qxd5 3. Nc3 Qd6 4. d4 Nf6 5. Nf3 c6 6. Ne5 Nbd7 7. Nc4 Qc7 8.
Qf3 Nb6 9. Bf4 Qd7 10. h3 Nxc4 11. Bxc4 Qxd4 12. Bb3 e6 13. Rd1 Qb6 14. O-O Be7
15. Ne4 Nxe4 16. Qxe4 O-O 17. Be5 Rd8 18. Qg4 Bf8 19. Qg3 Rd7 20. Rxd7 Bxd7 21.
Rd1 Be8 22. Rd4 g6 23. Qg5 Bg7 24. Bxg7 Kxg7 25. Rh4 Rd8 26. c3 Rd3 27. Qh6+
Kf6 28. Qf8 Qd8 29. Rxh7 Rd2 30. Rh4 g5 31. Qh6+ Kf5 32. Qh7+ Kf6 33. Qh6+ Kf5
34. Rg4 Qf6 35. Qf8 Bd7 36. Qc5+ e5 37. Qe3 1-0

[Event "Czech open A"]
[Site "?"]
[Date "2013.07.22"]
[Round "4.64"]
[White "Goebel, Constantin"]
[Black "Mazur, Stefan"]
[Result "0-1"]
[ECO "C88"]
[WhiteElo "2235"]
[BlackElo "2409"]
[PlyCount "58"]
[EventDate "2013.??.??"]
[TimeControl "6000+905"]
[WhiteClock "0:20:37"]
[BlackClock "0:31:49"]

1. e4 e5 2. Nf3 Nc6 3. Bb5 a6 4. Ba4 Nf6 5. O-O Be7 6. Re1 b5 7. Bb3 O-O 8. h3
Bb7 9. d3 d5 10. exd5 Nxd5 11. Nbd2 Nf4 12. Ne4 Na5 13. Nxe5 Nxb3 14. axb3 Nxg2
15. Kxg2 f5 16. Kg1 fxe4 17. Qg4 Qd6 18. d4 Rxf2 19. Kxf2 Qxd4+ 20. Be3 Qxe5
21. Kg1 Bd6 22. Re2 Rf8 23. Rf1 Rf3 24. Qd7 h6 25. Rff2 Kh7 26. c3 Rxe3 27.
Rxe3 Qg5+ 28. Kf1 Qxe3 29. Qf5+ Kh8 0-1